 Dungeon Crawl Stone Soup version 0.30.1-11-g7821555f0a (webtiles) character file.

Game seed: 6874720944983484534

56 fireball365 the Trooper (level 3, 0/34 HPs)
             Began as a Minotaur Fighter on Nov 3, 2023.
             Slain by a gnoll
             ... wielding a +0 whip
              (2 damage)
             ... on level 3 of the Dungeon.
             The game lasted 00:02:52 (1315 turns).

fireball365 the Trooper (Minotaur Fighter)          Turns: 1315, Time: 00:02:53

Health: 0/34       AC:  9    Str: 22    XL:     3   Next: 71%
Magic:  2/2        EV:  8    Int:  5    God:
Gold:   72         SH:  4    Dex:  9    Spells: 2/2 levels left

rFire   . . .        a - +0 war axe
rCold   . . .        c - +0 buckler
rNeg    . . .        l - +0 chain mail
rPois   .            (helmet restricted)
rElec   .            (no cloak)
rCorr   .            (no gloves)
SInv    .            (no boots)
Will    .....        (no amulet) Stlth
                     (no ring)
HPRegen 0.25/turn    (no ring)
MPRegen 0.08/turn

%: no passive effects
@: no status effects
A: horns 2, retaliatory headbutt
a: no special abilities


You were on level 3 of the Dungeon.
You visited 1 branch of the dungeon, and saw 3 of its levels.

You collected 142 gold pieces.
You spent 70 gold pieces at shops.

Inventory:

Hand Weapons
 a - a +0 war axe (weapon)
Armour
 b - a +0 scale mail
 c - a +0 buckler (worn)
 l - a +0 chain mail (worn)
Jewellery
 n - a ring of protection from cold
Scrolls
 e - a scroll of fog {unknown}
 f - a scroll of identify {unknown}
 h - a scroll of fear {unknown}
 i - a scroll of silence {unknown}
 o - a scroll of magic mapping {unknown}
Potions
 d - a potion of might
 g - 2 potions of heal wounds
 j - a potion of brilliance {unknown}
 k - a potion of degeneration {unknown}
 m - a potion of invisibility {unknown}


   Skills:
 + Level 4.4 Fighting
 + Level 3.7 Axes
 + Level 4.0 Armour
 + Level 3.9 Shields


You had 2 spell levels left.
You didn't know any spells.
Your spell library contained the following spells:

 Spells                   Type           Power      Damage    Failure   Level
 Apportation              Tloc           0%         N/A       99%         1
 Necrotise                Necr           0%         1d4       99%         1
 Summon Small Mammal      Summ           0%         N/A       99%         1


Dungeon Overview and Level Annotations

Branches:
Dungeon (3/15)

Altars:

Shops:
D:1 [([!   D:3 [*[(=


Innate Abilities, Weirdness & Mutations

You have a pair of horns on your head.
You reflexively headbutt those who attack you in melee.


Message History

There is an entrance to Jugeaca's Assorted Antiques here. 2 gnolls come into view.
The gnoll shouts! x2
A gnoll comes into view. It is wielding a +0 spear.
You see here a scroll labelled OPYLAOTUER.
There are monsters nearby!
o - a scroll labelled OPYLAOTUER The gnoll shouts!
You closely miss the gnoll. You headbutt the gnoll!
You kill the gnoll!
A gnoll comes into view.
It is wielding a +0 halberd and wearing the +2 robe "Ushaogan" {rC+ Str+4}.
You see here a +0 spear.
The gnoll hits you from afar with a +0 spear.
Found a club.
The gnoll hits you with a +0 spear.
You completely miss the gnoll. You headbutt the gnoll.
The gnoll is moderately wounded.
The gnoll misses you. The gnoll hits you with a +0 spear.
You slash the gnoll!
You kill the gnoll!
You closely miss the gnoll. The gnoll hits you with a +0 whip.
You barely miss the gnoll.
The gnoll hits you from afar with a +0 halberd.
The gnoll closely misses you.
The gnoll hits you from afar with a +0 halberd!
The gnoll hits you but does no damage.
You hit the gnoll.
The gnoll is moderately wounded.
The gnoll barely misses you. The gnoll hits you with a +0 whip.
* * * LOW HITPOINT WARNING * * *
You barely miss the gnoll. You headbutt the gnoll!
The gnoll is severely wounded.
The gnoll closely misses you. The gnoll hits you with a +0 whip.
* * * LOW HITPOINT WARNING * * *
You closely miss the gnoll. You headbutt the gnoll.
The gnoll is almost dead.
The gnoll hits you from afar with a +0 halberd.
* * * LOW HITPOINT WARNING * * *
The gnoll hits you with a +0 whip.
You die...

.........
..8..)..8
#........
#.8.....8
......... #
##...8.8..
#.#.........g
#............
####@###.#.#
#g# ...
##g###g#
#...#..# #
#.#).# ..#
#...## #.##
##.## #...
######.###....
#.......#.##.##


You could see 2 gnolls.

Vanquished Creatures
  2 gnolls (D:3)
  A worm (D:2)
  2 dart slugs (D:1)
  4 ball pythons (D:1)
  An endoplasm (D:1)
  3 giant cockroaches
  A hobgoblin (D:1)
  11 bats
  A frilled lizard (D:2)
  5 rats
31 creatures vanquished.

Notes
Turn   | Place    | Note
-------+----------+-------------------------------------------
     0 | D:1      | fireball365 the Minotaur Fighter began the quest for the
                  | Orb.
     0 | D:1      | Reached XP level 1. HP: 19/19 MP: 0/0
    11 | D:1      | Found Ucuat's Armour Boutique.
    39 | D:1      | Found Voasepyc's Antique Weapon Shop.
   213 | D:1      | Reached XP level 2. HP: 27/27 MP: 1/1
   272 | D:1      | Found Waegiagi's Armour Emporium.
   356 | D:1      | Found a faded altar of an unknown god.
   529 | D:1      | Found Kirahall's Distillery.
   538 | D:1      | Bought a potion of heal wounds for 70 gold pieces
  1049 | D:2      | You fall into a shaft and drop 1 floor!
  1049 | D:3      | Found Tefitz Ykoi's Antique Weapon Emporium.
  1050 | D:3      | Found Nupsaf's Jewellery Boutique.
  1057 | D:3      | Found Nuinull's Antique Armour Boutique.
  1101 | D:3      | Reached XP level 3. HP: 33/34 MP: 2/2
  1248 | D:3      | Found Feerrad's Armour Shop.
  1267 | D:3      | Found Jugeaca's Assorted Antiques.
  1301 | D:3      | Identified the +2 robe "Ushaogan" {rC+ Str+4}
  1315 | D:3      | Slain by a gnoll

Illustrated notes

Levels and vault maps discovered:
D:1:      wheals_arrival_shading, layout_basic, serial_shops,
          nicolae_shop_waterfront, nicolae_shop_just_a_little_nook, shop, shop,
          nicolae_ecumenical_snake_handling, hangedman_abyss_or_decor_stabs
D:2:      layout_loops_cross, minmay_close_crescents
D:3:      layout_loops_cross, bloody_trog, nicolae_uskayaw_dance_hall,
          mainiacjoe_overflow_brackets, serial_shops, shop_statue, shop, shop,
          nicolae_shop_competitors_out_of_business, shop, roderic_batcave,
          supply_closet_lemuel

Skill      XL: |  1  2  3 |
---------------+----------+-----
Fighting       | 4 |  4.4
Armour         | 4 |  4.0
Axes           | 3 |  3.7
Shields        | |  3.9

Action                     || total
---------------------------++-------
  Melee: War axe           ||    49
         Headbutt          ||     9
 Armour: Scale mail        ||    31
         Chain mail        ||     1
  Dodge: Dodged            ||    37
  Block: Buckler           ||     9
